 Dungeon Crawl Stone Soup version 0.14-a0-3338-g1078df6 (webtiles) character file.

8416 HenryFlower the Bludgeoner (level 11, 0/96 HPs)
             Began as an Ogre Hunter on Mar 16, 2014.
             Was an Elder of Trog.
             Slain by a troll (5 damage)
             ... on Level 9 of the Dungeon.
             The game lasted 00:33:56 (14401 turns).

HenryFlower the Bludgeoner (Ogre Hunter)           Turns: 14401, Time: 00:33:57

HP   0/96        AC  7     Str 19      XL: 11   Next: 23%
MP  11/11        EV 10     Int 10      God: Trog [****..]
Gold 428         SH  0     Dex 13      Spells:  0 memorised, 10 levels left

rFire  . . .     SeeInvis .     b - +1 giant spiked club
rCold  + + +     Clarity  .     R - +4 skin of Zhor {rC+++}
rNeg   . . .     Conserve .     (shield restricted)
rPois  .         rCorr    .     (helmet restricted)
rElec  .         rRot     .     (no cloak)
SustAb + .       Spirit   .     (gloves unavailable)
rMut   .         Warding  .     (boots unavailable)
Saprov + . .     Stasis   .     p - cursed amulet of faith
MR     +....                    T - ring of protection from cold {unknown}
                                M - ring of sustain abilities {unknown}

@: somewhat resistant to hostile enchantments, unstealthy
A: unfitting armour, fast metabolism 1, saprovore 1, tough skin 1
a: Burn Spellbooks, Berserk, Trog's Hand, Brothers in Arms, Renounce Religion


You were on level 9 of the Dungeon.
You worshipped Trog.
Trog was greatly pleased with you.
You were hungry.

You visited 2 branches of the dungeon, and saw 10 of its levels.

You collected 428 gold pieces.

Inventory:

Hand weapons
 a - a +2,+1 morningstar of holy wrath
 b - a +1,+1 giant spiked club (weapon)
 g - a +1,+0 demon whip
 v - a +1,+1 club
 B - a +0,+0 flail
Missiles
 c - 2 throwing nets
 d - 53 darts
 i - 7 needles of confusion
 m - 22 poisoned needles
 q - a poisoned dart
 E - 3 tomahawks
 O - 4 large rocks (quivered)
Armour
 j - a +0 cloak
 F - a +2 robe
 R - the +4 skin of Zhor (worn) {rC+++}
   (You took it off an orc on level 9 of the Dungeon)

   It renders you almost immune to cold.
Magical devices
 H - a wand of slowing (1)
 K - a wand of cold (7)
 L - a wand of digging (23)
 Q - a wand of random effects (7)
 S - a wand of flame (11)
Comestibles
 f - 6 meat rations
 k - 3 rotting chunks of giant frog flesh
 u - 2 lemons
 x - a snozzcumber
 z - 8 cheeses
 A - a pear
 I - 2 bread rations
Scrolls
 y - 3 scrolls of remove curse
 C - 2 scrolls of magic mapping
 D - a scroll of immolation
Jewellery
 l - an uncursed ring of protection from magic {unknown}
 n - a +6,+5 ring of slaying {unknown}
 p - a cursed amulet of faith (around neck)
 t - a +2 ring of evasion
 w - an uncursed ring of positive energy {unknown}
 G - a +3 ring of dexterity
 J - an uncursed ring of see invisible
 M - a ring of sustain abilities (left hand) {unknown}
 N - an uncursed amulet of stasis {unknown}
 T - a ring of protection from cold (right hand) {unknown}
Potions
 e - 3 potions of haste
 h - a potion of restore abilities
 o - a potion of porridge
 r - 3 potions of brilliance
 s - a potion of resistance {unknown}
 U - 2 potions of heal wounds {unknown}


   Skills:
 - Level 2.6 Fighting
 + Level 19.9 Maces & Flails
 - Level 4.3 Throwing
 - Level 1.7 Dodging
 - Level 0.7 Stealth


You had 10 spell levels left.
You didn't know any spells.

Dungeon Overview and Level Annotations

Branches:
Dungeon (9/15)             Temple (1/1) D:5
    Orc: D:9-12        Lair: D:8-11

Altars:
Cheibriados
Elyvilon
Fedhas
Kikubaaqudgha
Nemelex Xobeh
Okawaru
Sif Muna
Trog
Xom
Zin
The Shining One

Shops:
D:5 %


Innate Abilities, Weirdness & Mutations

You are too large for most types of armour.
You have a fast metabolism.
You can tolerate rotten meat.
You have tough skin (AC +1).


Message History

* * * LOW HITPOINT WARNING * * *
The troll claws you but does no damage. The troll claws you!
* * * LOW HITPOINT WARNING * * *
The shadow imp summons a swarm of flies.
There is something rotten in your inventory. (slot k)
You don't know any spells.
There isn't anything here!
Use which ability? (? or * to list)
You fail to use your ability.
The troll closely misses you. The troll claws you.
* * * LOW HITPOINT WARNING * * *
The troll claws you but does no damage.
Use which ability? (? or * to list)
Your grizzly bear goes berserk!
You feel somewhat more hungry.
The shadow imp barely misses your grizzly bear.
The troll bites you!
* * * LOW HITPOINT WARNING * * *
The troll claws you but does no damage. The troll claws you.
You die...

...............>.................
.....#.###.#####.#.######..#....#
####.# ### #.#.# #..#....# #
#.#.# #..#..... ####### #.#.#
#..###.## ......# #5#.# #........
#####.# #U#.# ####... #.# #T#.#
#### #.##########@#..
#.........##.### #########.##.#
#....# ####.# ###


You could see a troll, a shadow imp and a friendly grizzly bear (berserk).

Vanquished Creatures
  A hydra (D:8)
  The ghost of HenryFlower the Basher, an experienced OgBe of Trog (D:5)
  The ghost of HenryFlower the Cudgeler, an average OgHu (D:3)
  7 yaks
  3 hippogriffs
  A necrophage (D:7)
  An orc warrior (D:6)
  3 ice beasts
  3 sky beasts
  3 black bears
  6 centaurs
  8 ogres
  3 giant goldfish (D:8)
  3 big kobolds
  A brain worm (D:9)
  9 giant frogs
  A wyvern zombie (D:8)
  5 scorpions
  An electric eel (D:8)
  A quasit (D:5)
  6 crimson imps
  2 big fish (D:8)
  A black bear zombie (D:6)
  5 hounds
  3 orc priests
  6 worker ants
  8 orc wizards
  4 iguanas
  A sheep (D:8)
  A big kobold skeleton (D:7)
  A hound zombie (D:8)
  Terence (D:2)
  A mummy (D:9)
  2 worker ant zombies
  6 gnolls
  12 adders
  3 giant mites
  2 shadow imps
  6 worms
  2 adder skeletons
  An iguana zombie (D:5)
  A giant eyeball (D:6)
  4 giant geckos
  An ooze (D:2)
  20 orcs
  9 giant cockroaches
  15 goblins
  19 hobgoblins
  9 jackals
  21 kobolds
  5 quokkas
  2 ball pythons
  15 bats
  9 giant newts
  A goblin skeleton (D:4)
  2 orc skeletons
  A quokka skeleton (D:4)
  16 rats
  3 fungi (D:8)
  3 toadstools (D:1)
292 creatures vanquished.

Vanquished Creatures (others)
  A two-headed ogre (D:9)
  A toadstool (D:1)
2 creatures vanquished.

Grand Total: 294 creatures vanquished

Notes
Turn   | Place    | Note
--------------------------------------------------------------
     0 | D:1      | HenryFlower, the Ogre Hunter, began the quest for the Orb.
     0 | D:1      | Reached XP level 1. HP: 22/22 MP: 1/1
   414 | D:1      | Reached XP level 2. HP: 29/29 MP: 2/2
  1048 | D:1      | Reached XP level 3. HP: 33/36 MP: 3/3
  1917 | D:2      | Reached skill level 5 in Maces & Flails
  1917 | D:2      | Reached XP level 4. HP: 44/44 MP: 4/4
  2011 | D:2      | Noticed Terence
  2021 | D:2      | Killed Terence
  2140 | D:2      | Reached skill level 6 in Maces & Flails
  2535 | D:3      | Reached XP level 5. HP: 50/50 MP: 5/5
  2925 | D:3      | Noticed HenryFlower's ghost (average OgHu)
  2935 | D:3      | Killed HenryFlower's ghost
  2935 | D:3      | Reached skill level 8 in Maces & Flails
  2935 | D:3      | Reached XP level 6. HP: 57/59 MP: 6/6
  3891 | D:4      | Reached skill level 9 in Maces & Flails
  3980 | D:4      | Found a blossoming altar of Fedhas.
  4013 | D:4      | Reached XP level 7. HP: 48/66 MP: 7/7
  4678 | D:4      | Reached skill level 10 in Maces & Flails
  4916 | D:5      | Entered Level 5 of the Dungeon
  5146 | D:5      | Found Ageohivau's Food Shoppe.
  5193 | D:5      | Reached skill level 11 in Maces & Flails
  5336 | D:5      | Found a staircase to the Ecumenical Temple.
  5343 | Temple   | Entered the Ecumenical Temple
  5358 | Temple   | Became a worshipper of Trog the Wrathful
  5420 | D:5      | Reached XP level 8. HP: 69/74 MP: 8/8
  5685 | D:5      | Noticed HenryFlower's ghost (experienced OgBe)
  6114 | D:5      | Found a white marble altar of Elyvilon.
  6483 | D:5      | Reached skill level 12 in Maces & Flails
  6631 | D:5      | Killed HenryFlower's ghost
  6631 | D:5      | Reached skill level 13 in Maces & Flails
  6967 | D:6      | Reached XP level 9. HP: 80/80 MP: 9/9
  6983 | D:6      | Acquired Trog's first power
  6984 | D:6      | Paralysed by a giant eyeball for 2 turns
  7069 | D:6      | Reached skill level 14 in Maces & Flails
  7414 | D:6      | Found a white marble altar of Elyvilon.
  8240 | D:7      | Acquired Trog's second power
  8567 | D:7      | Reached skill level 15 in Maces & Flails
  9744 | D:8      | Reached skill level 16 in Maces & Flails
  9760 | D:8      | Found an iron altar of Okawaru.
  9767 | D:8      | Found an ancient bone altar of Kikubaaqudgha.
  9859 | D:8      | Reached XP level 10. HP: 56/88 MP: 10/10
 10431 | D:7      | Reached skill level 17 in Maces & Flails
 11470 | D:8      | Noticed a three-headed hydra
 11478 | D:8      | Killed a three-headed hydra
 11478 | D:8      | Reached skill level 18 in Maces & Flails
 11787 | D:8      | Found a glowing silver altar of Zin.
 12796 | D:9      | Acquired Trog's third power
 13094 | D:9      | Reached skill level 19 in Maces & Flails
 13146 | D:9      | Reached XP level 11. HP: 22/96 MP: 11/11
 13157 | D:9      | HP: 2/96 [yak (9)]
 13180 | D:9      | HP: 6/144 [yak (5)]
 14401 | D:9      | Slain by a troll

Action                   |  1- 3 |  4- 6 |  7- 9 | 10-12 || total
-------------------------+-------+-------+-------+-------++-------
Melee: Club              |   146 |     1 |       |       ||   147
       Flail             |       |   103 |       |       ||   103
       Morningstar       |       |    23 |   261 |     7 ||   291
       Giant spiked club |       |       |   107 |   239 ||   346
Throw: Large rock        |     6 |    11 |    14 |    16 ||    47
       Dart              |       |    15 |    16 |    13 ||    44
       Throwing net      |       |       |     2 |     1 ||     3
       Tomahawk          |       |       |     1 |       ||     1
Invok: Burn Spellbooks   |       |       |       |     2 ||     2
       Brothers in Arms  |       |       |       |     2 ||     2
       Trog's Hand       |       |       |       |     1 ||     1
Evoke: Wand              |       |       |     2 |     3 ||     5
  Use: Scroll            |       |       |    19 |     7 ||    26
       Potion            |       |       |       |     5 ||     5
 Stab: Sleeping          |       |     1 |       |     3 ||     4
       Held in net/web   |       |       |       |     1 ||     1
